 Dungeon Crawl Stone Soup version 0.32-a0-485-g70f7560 (webtiles) character file.

Game seed: 4153995518991216623

752 Nithhogg the Cleaver (level 7, -1/57 HPs)
             Began as a Mountain Dwarf Fighter on Feb 26, 2024.
             Was an Initiate of Qazlal.
             Slain by a killer bee (2 damage)
             ... on level 5 of the Dungeon.
             The game lasted 00:06:51 (4529 turns).

Nithhogg the Cleaver (Mountain Dwarf Fighter)       Turns: 4529, Time: 00:06:51

Health: -1/57      AC:  9    Str: 20    XL:     7   Next: 49%
Magic:  7/7        EV:  9    Int:  9    God:    Qazlal [......]
Gold:   364        SH:  4    Dex:  9    Spells: 6/6 levels left

rFire   . . .        g - +0 war axe (freeze)
rCold   . . .        c - +0 buckler
rNeg    . . .        b - +0 scale mail
rPois   .            (no helmet)
rElec   .            (no cloak)
rCorr   .            z - +1 Delatra's gloves {ID++}
SInv    .            (no boots)
Will    .....        (no amulet) Stlth
                     (no ring)
HPRegen 0.29/turn    (no ring)
MPRegen 0.10/turn

%: no passive effects
@: lethally poisoned (-1 -> -17), weak-willed
A: runic magic, artefact enchanting, teleportitis 1, subdued magic 1
a: Renounce Religion


You were on level 5 of the Dungeon.
You worshipped Qazlal.
Qazlal was noncommittal.
You visited 2 branches of the dungeon, and saw 6 of its levels.

You collected 364 gold pieces.

Inventory:

Hand Weapons
 a - a +1 war axe
 g - a +0 war axe of freezing (weapon)
 h - a +1 whip of draining
 D - a +1 flail of protection
Missiles
 r - 6 poisoned darts (quivered)
 E - 4 curare-tipped darts
Armour
 b - a +0 scale mail (worn)
 c - a +0 buckler (worn)
 t - a +0 plate armour
 z - the +1 Delatra's gloves (worn) {ID++}
   (You found it on level 3 of the Dungeon)

   ID++:      It heals its wearer when they drink unknown potions, and restores
   their MP when they read unknown scrolls.
Jewellery
 q - a ring of poison resistance
 x - a ring of flight
 B - a +6 ring of intelligence
 C - an amulet of faith
Scrolls
 e - a scroll of fog
 l - 3 scrolls of revelation {unknown}
 o - 5 scrolls of identify {unknown}
 p - a scroll of blinking {unknown}
 u - 4 scrolls of teleportation {unknown}
 y - a scroll of immolation {unknown}
Potions
 m - a potion of haste {unknown}
 s - a potion of heal wounds {unknown}
 v - a potion of lignification {unknown}
 w - 2 potions of berserk rage {unknown}
 A - 2 potions of ambrosia {unknown}


   Skills:
 - Level 3.2 Fighting
 + Level 10.3 Axes
 - Level 3.2 Armour
 - Level 3.2 Shields


You had 6 spell levels left.
You didn't know any spells.
Your spell library contained the following spells:

 Spells                   Type           Power      Damage    Failure   Level
 Chain Lightning          Conj/Air       0%         N/A       100%        9
 Fire Storm               Conj/Fire      0%         5d1       100%        9
 Shatter                  Erth           0%         3d5*      100%        9


Dungeon Overview and Level Annotations

Branches:
Dungeon (5/15)             Temple (1/1) D:4

Altars:
Cheibriados
Dithmenos
Elyvilon
Fedhas
Gozag
Hepliaklqana
Kikubaaqudgha
Makhleb
Nemelex Xobeh
Okawaru
Qazlal
Sif Muna
Uskayaw
Vehumet
Wu Jian
Xom
Yredelemnul
Zin
The Shining One

Shops:
D:5 (

Annotations:
D:4 2 transporters, Menkaure


Innate Abilities, Weirdness & Mutations

Your spellcasting is much less encumbered by armour.
You can use scrolls of enchantment on lesser artefacts.
You are occasionally teleported next to monsters.
Your spells are a little easier to cast, but a little less powerful.


Message History

You are lethally poisoned!
The killer bee poisons you! The killer bee stings you.
* * * LOW HITPOINT WARNING * * *
You are more poisoned.
The killer bee poisons you!
The killer bee stings you but does no damage.
You feel better. You block the killer bee's attack. The killer bee stings you.
* * * LOW HITPOINT WARNING * * *
The killer bee stings you but does no damage.
The killer bee closely misses you. The killer bee barely misses you.
The killer bee stings you!
* * * LOW HITPOINT WARNING * * *
You are lethally poisoned!
The killer bee poisons you!
You feel better. The killer bee stings you.
* * * LOW HITPOINT WARNING * * *
You are poisoned.
The killer bee poisons you! The killer bee closely misses you.
The killer bee stings you but does no damage.
The killer bee stings you.
* * * LOW HITPOINT WARNING * * *
The killer bee stings you but does no damage.
The killer bee stings you.
* * * LOW HITPOINT WARNING * * *
As you read the scroll labelled COKHUT URR, it crumbles to dust.
It is a scroll of enchant weapon.
Your +0 war axe glows red for a moment.
The energy of discovery flows from your fingertips!
Magic courses through your body.
* * * LOW HITPOINT WARNING * * *
You feel very sick. The killer bee stings you.
* * * LOW HITPOINT WARNING * * *
You block the killer bee's attack. The killer bee stings you.
* * * LOW HITPOINT WARNING * * *
You are more poisoned.
The killer bee poisons you! The killer bee closely misses you.
The killer bee stings you but does no damage.
The killer bee stings you.
You die...

. #### #######........... .####
#.. ..#............... ....# #.#
### #.#.###........... ....####.#
#.# #.#.# #...........
.........###.###.#.# #.#####.....
.........#.........###.# #.....
.........#.#..##.......# #.....
....#+##.#.......#.###.# ##....
>..........∩....@y.....######....
#...............yy...............
#...#.##.#.........###.#.###.....
#####.#............###.#..##.....
#.#..#.......(...............
#.#.##.#.....#.....##..#####.
#.#.##.#######......#........
#.#.##.###...................
#.#.##.#.#.####.....#.##.##..


You could see 3 killer bees.

Vanquished Creatures
  An ice beast (D:5)
  2 black bears (D:4)
  Blork the orc (D:5)
  2 killer bees (D:5)
  A howler monkey (D:4)
  A hound (D:5)
  A sleepcap (D:5)
  3 orc wizards
  4 adders
  A shadow imp (D:5)
  A white imp (D:5)
  3 dart slugs
  2 ribbon worms (D:2)
  7 orcs
  6 endoplasms
  7 giant cockroaches
  11 goblins
  5 hobgoblins
  6 jackals
  9 kobolds
  6 quokkas
  6 ball pythons
  8 bats
  3 frilled lizards
  5 rats
102 creatures vanquished.

Notes
Turn   | Place    | Note
-------+----------+-------------------------------------------
     0 | D:1      | Nithhogg the Mountain Dwarf Fighter began the quest for the
                  | Orb.
     0 | D:1      | Reached XP level 1. HP: 19/19 MP: 1/1
   139 | D:1      | Reached skill level 3 in Axes
   216 | D:1      | Reached XP level 2. HP: 26/26 MP: 2/2
   514 | D:1      | Found a faded altar of an unknown god.
   663 | D:1      | Reached skill level 4 in Axes
   967 | D:2      | Reached XP level 3. HP: 31/31 MP: 3/3
  1671 | D:2      | Reached skill level 5 in Axes
  1990 | D:3      | Reached XP level 4. HP: 33/38 MP: 4/4
  2217 | D:3      | Found a shimmering altar of Xom.
  2588 | D:3      | Found the +1 Delatra's gloves {ID++}
  2596 | D:3      | Reached skill level 6 in Axes
  2868 | D:4      | Reached XP level 5. HP: 45/45 MP: 5/5
  2883 | D:4      | Found a transporter.
  2883 | D:4      | Found an ancient bone altar of Kikubaaqudgha.
  2887 | D:4      | Noticed Menkaure
  2893 | D:4      | Found a basalt altar of Yredelemnul.
  2925 | D:4      | Found a transporter.
  2999 | D:4      | Noticed a black bear
  3008 | D:4      | Killed a black bear
  3009 | D:4      | Reached skill level 7 in Axes
  3377 | D:4      | Found an opulent altar of Gozag.
  3498 | D:4      | Noticed a black bear
  3512 | D:4      | Killed a black bear
  3513 | D:4      | Reached skill level 8 in Axes
  3513 | D:4      | Reached XP level 6. HP: 27/51 MP: 6/6
  3699 | D:4      | Found a staircase to the Ecumenical Temple.
  3739 | Temple   | Entered the Ecumenical Temple
  3766 | Temple   | Became a worshipper of Qazlal Stormbringer
  3888 | D:5      | Entered Level 5 of the Dungeon
  4021 | D:5      | Reached skill level 9 in Axes
  4062 | D:5      | Noticed an ice beast
  4069 | D:5      | Killed an ice beast
  4070 | D:5      | Reached XP level 7. HP: 57/57 MP: 7/7
  4119 | D:5      | Noticed Blork the orc
  4127 | D:5      | Killed Blork the orc
  4221 | D:5      | Gained mutation: You are occasionally teleported next to
                  | monsters. [potion of mutation]
  4221 | D:5      | Gained mutation: Your spells are a little easier to cast,
                  | but a little less powerful. [potion of mutation]
  4233 | D:5      | HP: 2/57 [poisoned by a killer bee]
  4454 | D:5      | Reached skill level 10 in Axes
  4500 | D:5      | Found Dentarcharo's Antique Weapon Emporium.
  4529 | D:5      | HP: 1/57 [killer bee (3)]
  4529 | D:5      | Slain by a killer bee

Illustrated notes

Levels and vault maps discovered:
D:1:      scummos_arrival_simple_crosswalls, layout_loops_corners,
          hellmonk_ecumenical_altar_pennies_from_heaven
D:2:      layout_loops_corners, mrwooster_statue_mirror
D:3:      layout_basic, xom_teletrap_fun, pf_guarded_unrand_delatra
D:4:      layout_loops_ring, nicolae_gozag_cash_rules_everything_around_me,
          gammafunk_temple_of_torment, minmay_temple_entry_glassed_door,
          minmay_pentangle
D:5:      layout_basic, serial_shops, shop, shop, uniq_blork_the_orc
Temple:   bh_familiar_temple

Skill      XL: |  1  2  3  4  5  6  7 |
---------------+----------------------+-----
Axes           | 3 4 5 6 8 9 10 | 10.3
Fighting       | |  3.2
Armour         | |  3.2
Shields        | |  3.2

Action                     |  1- 3 |  4- 6 |  7- 9 || total
---------------------------+-------+-------+-------++-------
  Melee: War axe           |   127 |   137 |    25 ||   289
    Use: Scroll            |     2 |     1 |     3 ||     6
         Potion            |       |     1 |     5 ||     6
 Armour: Scale mail        |    90 |   121 |    54 ||   265
  Dodge: Dodged            |    63 |    65 |    20 ||   148
  Block: Buckler           |    36 |    24 |    12 ||    72

Table legend: (Time is in decaauts)
 A = Elapsed time spent in this place.
 B = Non-inter-level travel time spent in this place.
 C = Inter-level travel time spent in this place.
 D = Time resting spent in this place.
 E = Time spent auto-exploring this place.
 F = Levels seen in this place.
 G = Mean time per level.
                   A        B        C        D        E       F      G
               +--------+--------+--------+--------+--------+-----+--------+
         Total |   4598 |   4437 |    161 |    315 |   3323 |   6 |  766.3 |
       Dungeon |   4548 |   4387 |    161 |    315 |   3323 |   5 |  909.6 |
        Temple |     49 |     49 |      0 |      0 |      0 |   1 |   49.0 |
               +--------+--------+--------+--------+--------+-----+--------+

Top non-repeatable levels by time:
     D:2: 1049 daAuts
     D:4: 1003 daAuts
     D:1: 976 daAuts
     D:3: 874 daAuts
     D:5: 643 daAuts
  Temple: 49 daAuts
